Construct Section Command Post
Selects Heavy Armor Battlegroup
Selects Light Vehicle Withdraw and Refit
Construct Field Infirmary
Construct Platoon Command Post
Selects Forward Repair Assembly
Selects Engineer Detachments
6-pounder Anti-tank Gun Team
Unlock Bishop Self-propelled Artillery
Bishop Self-propelled Artillery
Selects Designate Targets
6-pounder Anti-tank Gun Team
Selects Crusader AA Medium Tank
Construct Company Command Post
Selects UNKNOWN (2162094)